 Dungeon Sprint DCSS version 0.31-a0-841-g038b102fc3 (webtiles) character file.

Game seed: 18139653180534284537

5779 sircluck the Grappler (level 10, 0/118 HPs)
             Began as a Troll Berserker on Sept 27, 2023.
             Was the Champion of Trog.
             Slain by a snapping turtle (9 damage)
             ... in the Dungeon (Sprint VII: "The Pits").
             The game lasted 00:03:16 (937 turns).

sircluck the Grappler (Troll Berserker)              Turns: 937, Time: 00:03:16

Health: 0/118      AC:  4    Str: 34    XL:     10   Next: 50%
Magic:  9/9        EV: 13    Int:  6    God:    Trog [******]
Gold:   0          SH:  0    Dex:  9    Spells: 9/9 levels left

rFire   . .          .
                       - Unarmed
rCold   . . .        (no shield)
rNeg    . . .        a - +0 animal skin
rPois   .            (helmet restricted)
rElec   .            (no cloak)
rCorr   .            (gloves unavailable)
SInv    .            (boots unavailable)
Will    .....        (no amulet)
Stlth   +            j - +3 ring of strength
HPRegen 1.19/turn    k - +3 ring of intelligence
MPRegen 0.11/turn

%: no teleportation
@: spiked, invisible
A: large, unfitting armour, claws 3, regeneration 1, shaggy fur 1, tough skin 1
a: Renounce Religion, Berserk, Trog's Hand, Brothers in Arms


You were in the Dungeon.
You worshipped Trog.
Trog was exalted by your worship.
You visited 1 branch

Inventory:

Armour
 a - a +0 animal skin (worn)
Jewellery
 j - a +3 ring of strength (left claw)
 k - a +3 ring of intelligence (right claw)
Scrolls
 g - 2 scrolls of vulnerability
 h - a scroll of butterflies
Potions
 b - 6 potions of curing
 c - a potion of invisibility
 d - 3 potions of haste
 e - 4 potions of magic
 f - 3 potions of berserk rage
 i - 9 potions of heal wounds


   Skills:
 + Level 12.8 Fighting
 + Level 12.6 Dodging
 + Level 14.8 Unarmed Combat


You had 9 spell levels left.
You didn't know any spells.
Your spell library was empty.

Dungeon Overview and Level Annotations

Branches:
Dungeon (1/1)

Altars:
Ashenzari
Cheibriados
Dithmenos
Elyvilon
Fedhas
Gozag
Hepliaklqana
Kikubaaqudgha
Makhleb
Nemelex Xobeh
Okawaru
Qazlal
Ru
Sif Muna
Trog
Uskayaw
Vehumet
Wu Jian
Xom
Yredelemnul
Zin
The Shining One
Jiyva
Lugonu


Innate Abilities, Weirdness & Mutations

You are too large for most types of armour.
You have claws for hands.
Your natural rate of healing is unusually fast.
You are covered in fur. (AC +1)
You have tough skin. (AC +1)


Message History

You are too injured to fight recklessly!
You are too injured to fight recklessly!
You are too injured to fight recklessly!
You are too injured to fight recklessly!
You are too injured to fight recklessly!
You are too injured to fight recklessly!
You are too injured to fight recklessly!
You are too injured to fight recklessly!
Unknown command.
Unknown command.
You scratch the snapping turtle but do no damage.
The snapping turtle barely misses you.
The red devil hits you from afar with a +0 trident.
Barbed spikes become lodged in your body.
You scratch the snapping turtle.
The snapping turtle is lightly wounded.
The snapping turtle bites you!!
* * * LOW HITPOINT WARNING * * *
The kobold demonologist casts a spell.
You mangle the sixfirhy!!
The sixfirhy is severely wounded.
The red devil completely misses you. The snapping turtle bites you!
* * * LOW HITPOINT WARNING * * *
Unknown command.
Unknown command.
Unknown command.
You fade into invisibility!
The red devil misses you.
The snapping turtle bites you but does no damage.
Okay, then.
You feel much better. The sixfirhy hits you. The sixfirhy shocks you!
* * * LOW HITPOINT WARNING * * *
The kobold throws a stone.
The stone misses the kobold brigand.
The stone hits the snapping turtle but does no damage.
The red devil misses you. The sixfirhy hits you!
* * * LOW HITPOINT WARNING * * *
The sixfirhy shocks you!
* * * LOW HITPOINT WARNING * * *
The snapping turtle bites you!
You die...

##.....†........#..##
####...#'######.†.##
#..#####)## ##†##
#....##...# #...#
'.....#...# #...#
'.....'...+ +...+
'.....#...# #...#
#....##...# #...#
#..#####.## ##@##
#### #+# #.3t# #
...#4K# # ....# #KK#
# ##### ###


You could see a snapping turtle (unable to see you), a kobold demonologist
(unable to see you), a sixfirhy (summoned, unable to see you), a red devil
(summoned, unable to see you), a kobold brigand (unable to see you) and a kobold
(unable to see you).

Vanquished Creatures
  A deep troll (D)
  2 phantasmal warriors (D)
  2 flayed ghosts (D)
  A gargoyle (D)
  A cane toad (D)
  A smoke demon (D)
  2 unseen horrors (D)
  A kobold demonologist (D)
  A jumping spider (D)
  A fire bat (D)
  3 vampire mosquitoes (D)
  A warg (D)
  A water moccasin (D)
  A floating eye (D)
  A small abomination (D)
  A black bear (D)
  An ogre (D)
  A scorpion (D)
  4 wights (D)
  3 killer bees (D)
  An adder (D)
  A gnoll (D)
  A white imp (D)
  3 ball pythons (D)
  A goblin (D)
  2 jackals (D)
  A quokka (D)
  A ball python skeleton (D)
  2 bats (D)
  A giant cockroach zombie (D)
  2 kobolds (D)
  A quokka skeleton (D)
47 creatures vanquished.

Notes
Turn   | Place    | Note
-------+----------+-------------------------------------------
     0 | D        | sircluck the Troll Berserker began the quest for the Orb.
     0 | D        | Reached XP level 1. HP: 22/22 MP: 0/0
    21 | D        | Noticed a flayed ghost
    21 | D        | Noticed a small abomination
    30 | D        | Killed a small abomination
    31 | D        | Reached skill level 5 in Unarmed Combat
    31 | D        | Reached XP level 2. HP: 19/33 MP: 1/1
    31 | D        | Reached XP level 3. HP: 24/41 MP: 2/2
    31 | D        | Reached XP level 4. HP: 29/49 MP: 3/3
    36 | D        | Killed a flayed ghost
    36 | D        | Reached ** piety under Trog
    37 | D        | Reached skill level 9 in Unarmed Combat
    37 | D        | Reached XP level 5. HP: 36/63 MP: 4/4
    37 | D        | Reached XP level 6. HP: 41/72 MP: 5/5
    37 | D        | Reached XP level 7. HP: 45/79 MP: 6/6
   144 | D        | HP: 3/79 [killer bee (3)]
   158 | D        | HP: 2/120 [killer bee (5)]
   220 | D        | Noticed a gargoyle
   231 | D        | Killed a gargoyle
   232 | D        | Reached skill level 10 in Unarmed Combat
   316 | D        | Reached *** piety under Trog
   327 | D        | Found a bloodstained altar of Trog.
   327 | D        | Found a shimmering blue altar of Sif Muna.
   327 | D        | Found a viscous altar of Jiyva.
   327 | D        | Found a hazy altar of Hepliaklqana.
   327 | D        | Found an opulent altar of Gozag.
   328 | D        | Found a glowing golden altar of the Shining One.
   328 | D        | Found a glowing silver altar of Zin.
   328 | D        | Found a basalt altar of Yredelemnul.
   328 | D        | Found a shimmering altar of Xom.
   328 | D        | Found an ornate altar of the Wu Jian Council.
   328 | D        | Found a sacrificial altar of Ru.
   328 | D        | Found a stormy altar of Qazlal.
   328 | D        | Found an iron altar of Okawaru.
   328 | D        | Found a sparkling altar of Nemelex Xobeh.
   328 | D        | Found a burning altar of Makhleb.
   328 | D        | Found a blossoming altar of Fedhas.
   328 | D        | Found a white marble altar of Elyvilon.
   328 | D        | Found a shadowy altar of Dithmenos.
   328 | D        | Found a snail-covered altar of Cheibriados.
   330 | D        | Found a radiant altar of Vehumet.
   330 | D        | Found a corrupted altar of Lugonu.
   331 | D        | Found a hide-covered altar of Uskayaw.
   331 | D        | Found an ancient bone altar of Kikubaaqudgha.
   331 | D        | Found a broken altar of Ashenzari.
   378 | D        | Reached XP level 8. HP: 92/92 MP: 7/7
   380 | D        | Reached **** piety under Trog
   446 | D        | Reached ***** piety under Trog
   449 | D        | Reached skill level 11 in Unarmed Combat
   518 | D        | Noticed a phantasmal warrior
   524 | D        | Killed a phantasmal warrior
   525 | D        | Reached skill level 10 in Fighting
   525 | D        | Reached skill level 10 in Dodging
   525 | D        | Reached skill level 12 in Unarmed Combat
   525 | D        | Reached XP level 9. HP: 56/102 MP: 8/8
   570 | D        | Received a gift from Trog
   573 | D        | Noticed a phantasmal warrior
   573 | D        | Noticed a flayed ghost
   582 | D        | Killed a phantasmal warrior
   587 | D        | Killed a flayed ghost
   587 | D        | Reached ****** piety under Trog
   588 | D        | Reached skill level 13 in Unarmed Combat
   695 | D        | Noticed a cane toad
   702 | D        | Received a gift from Trog
   710 | D        | Killed a cane toad
   712 | D        | Reached XP level 10. HP: 15/115 MP: 9/9
   713 | D        | HP: 4/115 [something (9)]
   715 | D        | Reached skill level 14 in Unarmed Combat
   716 | D        | Noticed a smoke demon
   726 | D        | Killed a smoke demon
   726 | D        | Received a gift from Trog
   807 | D        | Noticed a deep troll
   813 | D        | Killed a deep troll
   935 | D        | Noticed a sixfirhy
   937 | D        | Slain by a snapping turtle

Illustrated notes

Levels and vault maps discovered:
D:        pitsprint [storerooms_1, entrance_room_1, metal_vault_1, armoury_1,
          mini_pit_1, grid_room_1, main_hall_1, silver_pit, the_coven_1,
          the_vestibule_1, steel_vault_5, golden_pit, hallway_of_sentries,
          crystal_vault_4, iron_vault_1, final_vault]

Skill      XL: |  1  2  3  4  5  6  7  8  9 10 |
---------------+-------------------------------+-----
Fighting       | 4 7 9 10 11 12 | 12.8
Dodging        | 4 7 9 10 11 12 | 12.6
Unarmed Combat | 5 9 10 12 13 14 | 14.8

Action                     |  1- 3 |  4- 6 |  7- 9 | 10-12 || total
---------------------------+-------+-------+-------+-------++-------
  Melee: Unarmed           |     3 |     5 |   113 |    32 ||   153
         Punch             |       |     1 |     8 |     2 ||    11
 Invoke: Berserk           |     1 |       |     3 |       ||     4
    Use: Potion            |       |       |     1 |     6 ||     7
         Scroll            |       |       |     1 |       ||     1
 Armour: Animal skin       |     3 |     1 |    88 |    53 ||   145
  Dodge: Dodged            |     1 |       |    76 |    28 ||   105

Table legend: (Time is in decaauts)
 A = Elapsed time spent in this place.
 B = Non-inter-level travel time spent in this place.
 C = Inter-level travel time spent in this place.
 D = Time resting spent in this place.
 E = Time spent auto-exploring this place.
 F = Levels seen in this place.
 G = Mean time per level.
                   A        B        C        D        E       F      G
               +--------+--------+--------+--------+--------+-----+--------+
         Total |    937 |    878 |     59 |    352 |    123 |   1 |  937.0 |
       Dungeon |    937 |    878 |     59 |    352 |    123 |   1 |  937.0 |
               +--------+--------+--------+--------+--------+-----+--------+

Top non-repeatable levels by time:
       D: 937 daAuts
